 Dungeon Crawl Stone Soup version 0.29-a0-338-g1ff7896281 (webtiles) character file.

Game seed: 2299650021553677108

5 spaghetti the Chopper (level 1, 13/16 HPs)
             Began as an Octopode Chaos Knight on Apr 18, 2022.
             Was a Plaything of Xom.
             Quit the game on level 1 of the Dungeon.
             The game lasted 00:00:23 (132 turns).

spaghetti the Chopper (Octopode Chaos Knight)        Turns: 132, Time: 00:00:24

Health: 13/16      AC:  1    Str: 11    XL:     1   Next: 80%
Magic:  1/1        EV: 13    Int: 14    God:    Xom [..*...]
Gold:   0          SH:  0    Dex: 11    Spells: 0/0 levels left

rFire   . . .      SeeInvis .   a - +0 hand axe (chaos) {axe}
rCold   . . .      Faith    .   (no shield)
rNeg    . . .      Spirit   .   (helmet restricted)
rPois   .          Reflect  .   (no amulet)
rElec   .          Harm     .   (no ring)
rCorr   .          Rampage  .   (no ring)
Will    .....                   (no ring)
Stlth   ++........              (no ring)
HPRegen 0.05/turn               (no ring)
MPRegen 0.07/turn               (no ring)
                                (no ring)
                                (no ring)

@: no status effects
A: almost no armour, amphibious, 8 rings, camouflage 1, gelatinous body 1,
(nimble swimmer 1), tentacles
a: Renounce Religion


You were on level 1 of the Dungeon.
You worshipped Xom.
You were a toy of Xom.
You visited 1 branch of the dungeon, and saw 1 of its levels.


Innate Abilities, Weirdness & Mutations

You cannot wear most types of armour.
You are amphibious.
You can wear up to eight rings at the same time.
Your skin changes colour to match your surroundings (Stealth+).
Your rubbery body absorbs attacks. (AC +1, EV +1)
((You are camouflaged when in or above water. (Stealth+)))
You have tentacles for arms and can constrict up to eight enemies at once.


   Skills:
 - Level 3.0 Fighting
 + Level 3.1 Axes
 * Level 2.7 Dodging


You couldn't memorise any spells.
You didn't know any spells.
Your spell library was empty.

Inventory:

Hand Weapons
 a - a +0 hand axe of chaos (weapon) {axe}
Missiles
 c - 3 poisoned darts {throwing}
Scrolls
 e - a scroll of blinking {unknown}
 f - a scroll of teleportation {unknown}
Potions
 d - a potion of mutation {unknown}
Miscellaneous
 b - a piece from Xom's chessboard (15/15) (quivered)

Dungeon Overview and Level Annotations

Branches:
Dungeon (1/15)

Altars:

#### ...#
##########... ###
##...........l ...
.....>........ ...
..... ... ... ...
#..# #.# #.# .
#...##.###@#.# #
#.#..#.#)....#
....#
#)##.#(#†#.###
##..# #.##.....#.#
##..# #.###...##.#
##..# #.#.....##.#
##..# #........#.#
##..###........#.#
....##.........#.#


You could see a frilled lizard (wandering).


Message History

A bat is nearby!
You miss the bat. You grab the bat. You constrict the bat. The bat hits you.
The bat escapes!
The bat closely misses you. 😕 HP[-1]
You take 1 damage, and now have 15/16 hp.
You are too injured to fight recklessly!
You are too injured to fight recklessly!
You are too injured to fight recklessly!
You are too injured to fight recklessly!
You are too injured to fight recklessly!
You are too injured to fight recklessly!
You are too injured to fight recklessly!
You are too injured to fight recklessly!
You are too injured to fight recklessly!
You are too injured to fight recklessly!
You are too injured to fight recklessly!
You are too injured to fight recklessly!
You are too injured to fight recklessly!
You are too injured to fight recklessly!
You are too injured to fight recklessly!
A bat is nearby!
A bat is nearby!
A bat is nearby!
You miss the bat. You grab the bat. You constrict the bat.
You kill the bat!
A goblin comes into view. It is wielding a +0 dagger. 😎 HP[+1]
Your hp is fully restored (16).
A goblin is nearby!
A goblin is nearby!
A goblin is nearby!
You hit the goblin. You burn the goblin.
You kill the goblin!
No target in view!
No target in view!
No target in view!
No target in view!
No target in view!
No target in view!
No target in view!
No target in view!
No target in view!
No target in view!
Found an escape hatch in the floor.
f - a scroll labelled QEBIZAAJILL
Things that are here:
a +0 dagger {short}; a goblin corpse A bat comes into view.
A bat is nearby!
A bat is nearby!
A goblin comes into view. It is wielding a +0 dagger.
The bat closely misses you.
You closely miss the bat. Your grab misses the bat. The bat hits you. 😕 HP[-1]
You take 1 damage, and now have 15/16 hp.
You are too injured to fight recklessly!
You are too injured to fight recklessly!
You are too injured to fight recklessly!
You are too injured to fight recklessly!
You are too injured to fight recklessly!
You are too injured to fight recklessly!
You are too injured to fight recklessly!
You are too injured to fight recklessly!
You are too injured to fight recklessly!
You are too injured to fight recklessly!
You are too injured to fight recklessly!
There are monsters nearby!
There are monsters nearby!
There are monsters nearby!
The bat completely misses you.
A hobgoblin comes into view.
The bat hits you.
The goblin shouts! 😕 HP[-1]
You take 1 damage, and now have 14/16 hp.
You miss the goblin. You grab the goblin. You squeeze the goblin.
You kill the goblin!
You barely miss the bat.
You hear an angry hiss.
The hobgoblin shouts!
You hear an angry hiss.
The bat barely misses you.
Things that are here:
a +0 dagger {short}; a goblin corpse You closely miss the bat.
You grab the bat.
You constrict the bat, but do no damage.
The bat completely misses you.
The bat struggles to escape constriction.
The bat hits you. 😕 HP[-1]
You take 1 damage, and now have 13/16 hp.
You hit the bat.
You kill the bat!
A hobgoblin is nearby!
The hobgoblin barely misses you.
A ball python comes into view.
The ball python hisses angrily.
You hit the hobgoblin.
Lightning courses through the hobgoblin!
You kill the hobgoblin!
A frilled lizard comes into view.
Are you sure you want to abandon this character and quit the game? (Confirm with "yes".)

Action                   || total
-------------------------++-------
Melee: Hand axe          ||    10
       Constrict         ||     4
       Tentacles         ||     1
Dodge: Dodged            ||     9

Levels and vault maps discovered:
D:1:      nicolae_arrival_somewhat_less_tricky_arrival, layout_rooms

Notes
Turn   | Place    | Note
-------+----------+-------------------------------------------
     0 | D:1      | spaghetti the Octopode Chaos Knight began the quest for the
                  | Orb.
     0 | D:1      | Reached XP level 1. HP: 16/16 MP: 1/1
     0 | D:1      | magus.rc [v1.9.6]
   132 | D:1      | Quit the game

Vanquished Creatures
  A hobgoblin (D:1)
  3 bats (D:1)
  2 goblins (D:1)
6 creatures vanquished.

Table legend:
 A = Non-vault XP
 B = Vault XP
 C = Vault XP percentage of total XP
 D = Non-vault monster count
 E = Vault monster count
 F = Vault count percentage of total count
                 A         B        C        D         E       F
            +---------+---------+-------+---------+---------+-------
      Total |       8 |       0 |   0.0 |       6 |       0 |   0.0
            +---------+---------+-------+---------+---------+-------
        D:1 |       8 |       0 |   0.0 |       6 |       0 |   0.0
            +---------+---------+-------+---------+---------+-------

Illustrated notes

Table legend:
 A = Kills in this place as a percentage of kills in entire the game.
 B = Kills by you in this place as a percentage of kills by you in the entire game.
 C = Kills by friends in this place as a percentage of kills by friends in the entire game.
 D = Other kills in this place as a percentage of other kills in the entire game.
 E = Experience gained in this place as a percentage of experience gained in the entire game.
 F = Experience gained in this place divided by the number of levels of this place that you have seen.
                   A       B       C       D       E      F
               +-------+-------+-------+-------+-------+----------------------
         Total | 100.0 | 100.0 |   N/A |   N/A | 100.0 |   8.0
       Dungeon | 100.0 | 100.0 |   N/A |   N/A | 100.0 |   8.0
               +-------+-------+-------+-------+-------+----------------------

Table legend: (Time is in decaauts)
 A = Elapsed time spent in this place.
 B = Non-inter-level travel time spent in this place.
 C = Inter-level travel time spent in this place.
 D = Time resting spent in this place.
 E = Time spent auto-exploring this place.
 F = Levels seen in this place.
 G = Mean time per level.
                   A        B        C        D        E       F      G
               +--------+--------+--------+--------+--------+-----+--------+
         Total |    133 |    133 |      0 |      0 |     92 |   1 |  133.0 |
       Dungeon |    133 |    133 |      0 |      0 |     92 |   1 |  133.0 |
               +--------+--------+--------+--------+--------+-----+--------+

Top non-repeatable levels by time:
     D:1: 133 daAuts
